 Seeded DCSS version 0.28-a0-1567-g1695149f81 (webtiles) character file.

Game seed: 4330 (custom seed)

70 knot the Chopper (level 4, -3/52 HPs)
             Began as a Demonspawn Berserker on Jan 20, 2022.
             Was a Follower of Trog.
             Slain by a gnoll (8 damage)
             ... on level 2 of the Dungeon.
             The game lasted 00:01:21 (1760 turns).

knot the Chopper (Demonspawn Berserker)             Turns: 1760, Time: 00:01:22

Health: -3/52      AC:  4    Str: 18    XL:     4   Next: 4%
Magic:  4/4        EV: 14    Int: 10    God:    Trog [*.....]
Gold:   80         SH:  0    Dex: 12    Spells: 3/3 levels left

rFire   . . .      SeeInvis .   a - +0 hand axe
rCold   . . .      Faith    .   (no shield)
rNeg    . . .      Spirit   .   b - +0 animal skin
rPois   .          Reflect  .   (no helmet)
rElec   .          Harm     .   (no cloak)
rCorr   .          Rampage  .   d - +1 pair of gloves
Will    .....                   (no boots)
Stlth   ..........              (no amulet)
HPRegen 0.17/turn               (no ring)
MPRegen 0.09/turn               (no ring)

@: berserking, very quick
A: repulsion field 1, weakness stinger 2
a: Renounce Religion, Berserk


You were on level 2 of the Dungeon.
You worshipped Trog.
Trog was aware of your devotion.
You visited 1 branch of the dungeon, and saw 2 of its levels.

You collected 80 gold pieces.

Inventory:

Hand Weapons
 a - a +0 hand axe (weapon)
Missiles
 c - 6 poisoned darts (quivered)
 f - 72 stones
Armour
 b - a +0 animal skin (worn)
 d - a +1 pair of gloves (worn)
Scrolls
 e - 2 scrolls of fog {unknown}
 h - a scroll of holy word {unknown}
Potions
 g - a potion of might {unknown}
 i - 2 potions of heal wounds {unknown}


   Skills:
 - Level 3.0 Fighting
 + Level 4.5 Axes
 - Level 1.7 Armour
 - Level 1.7 Dodging


You had 3 spell levels left.
You didn't know any spells.
Your spell library was empty.

Dungeon Overview and Level Annotations

Branches:
Dungeon (2/15)

Altars:
Gozag


Innate Abilities, Weirdness & Mutations

You are surrounded by a mild repulsion field. (EV +2)
You have a tail ending in a sharp stinger.


Message History

The gnoll hits you with a +0 flail.
You barely miss the gnoll.
You tail-slap the gnoll, but do no damage.
The gnoll is moderately wounded.
The gnoll closely misses you.
You closely miss the gnoll.
The gnoll is moderately wounded.
The gnoll closely misses you.
The gnoll hits you from afar with a +0 spear.
You completely miss the gnoll.
The gnoll is moderately wounded.
The gnoll misses you.
The gnoll hits you from afar with a +0 spear!
A red film seems to cover your vision as you go berserk!
You feel yourself moving faster!
You feel mighty! The gnoll hits you with a +0 flail.
* * * LOW HITPOINT WARNING * * *
The gnoll hits you from afar with a +0 spear.
* * * LOW HITPOINT WARNING * * *
You slash the gnoll! You tail-slap the gnoll.
You kill the gnoll!
Trog accepts your kill. The bat barely misses you.
The gnoll closely misses you.
You slash the bat!
You kill the bat!
Trog accepts your kill.
You hit the gnoll.
The gnoll is moderately wounded.
The gnoll barely misses you. The gnoll closely misses you.
You slash the gnoll!
You kill the gnoll!
Trog accepts your kill. The gnoll hits you but does no damage.
You have reached level 4!
You feel stronger.
Your demonic ancestry asserts itself...
Your tail grows a sharp stinger.
There is an open door, spattered with blood here.
Items here: ( )) †.
You closely miss the gnoll. The gnoll hits you with a +0 spear!
You die...

##........###
###............ #
.'........... ... .
#.........# #.. #
#.......# #.. #.....#
#.# #g..### #.#######
#@##.## #.#......
#.#...## #.#.#####
#......###.#.†...P
#.................
...........##.......
##.......##.##...)...
#......###.###.#...P
#....### #.# #.#....
.....# #.# #.#####


You could see a gnoll.

Vanquished Creatures
  2 gnolls (D:2)
  An adder (D:2)
  A worm (D:2)
  4 endoplasms
  A giant cockroach (D:1)
  2 goblins
  6 hobgoblins
  2 jackals (D:2)
  2 quokkas
  5 ball pythons
  3 bats
  3 frilled lizards
  5 kobolds
37 creatures vanquished.

Vanquished Creatures (others)
  2 plants (D:2)
2 creatures vanquished.

Grand Total: 39 creatures vanquished

Notes
Turn   | Place    | Note
-------+----------+-------------------------------------------
     0 | D:1      | knot the Demonspawn Berserker began the quest for the Orb.
     0 | D:1      | Reached XP level 1. HP: 18/18 MP: 1/1
   271 | D:1      | Reached skill level 3 in Axes
   370 | D:1      | Gained mutation: You have a small tail. [demonic ancestry]
   370 | D:1      | Reached XP level 2. HP: 24/24 MP: 2/2
   509 | D:1      | Found a faded altar of an unknown god.
  1277 | D:2      | Gained mutation: You are surrounded by a mild repulsion
                  | field. (EV +2) [demonic ancestry]
  1277 | D:2      | Reached XP level 3. HP: 22/29 MP: 3/3
  1592 | D:2      | Found an opulent altar of Gozag.
  1616 | D:2      | Reached skill level 4 in Axes
  1759 | D:2      | Gained mutation: You have a tail ending in a sharp stinger.
                  | [demonic ancestry]
  1759 | D:2      | Reached XP level 4. HP: 5/35 MP: 4/4
  1760 | D:2      | Slain by a gnoll

Illustrated notes

Levels and vault maps discovered:
D:1:      lightli_arrival_statue_moat, layout_basic,
          hellmonk_ecumenical_altar_blasted
D:2:      cheibrodos_old_hovel, layout_loops_corners, basic_altar

Skill      XL: |  1  2  3 |
---------------+----------+-----
Axes           | 3 4 |  4.5
Fighting       | |  3.0
Armour         | |  1.7
Dodging        | |  1.7

Action                   |  1- 3 |  4- 6 || total
-------------------------+-------+-------++-------
Melee: Hand axe          |   123 |     1 ||   124
       Punch             |     2 |       ||     2
       Tailslap          |     8 |       ||     8
Invok: Berserk           |     1 |       ||     1
 Stab: Sleeping          |     5 |       ||     5
       Distracted        |     1 |       ||     1
Armor: Animal skin       |    35 |       ||    35
Dodge: Dodged            |    89 |       ||    89

Table legend: (Time is in decaauts)
 A = Elapsed time spent in this place.
 B = Non-inter-level travel time spent in this place.
 C = Inter-level travel time spent in this place.
 D = Time resting spent in this place.
 E = Time spent auto-exploring this place.
 F = Levels seen in this place.
 G = Mean time per level.
                   A        B        C        D        E       F      G
               +--------+--------+--------+--------+--------+-----+--------+
         Total |   1772 |   1747 |     25 |    161 |   1315 |   2 |  886.0 |
       Dungeon |   1772 |   1747 |     25 |    161 |   1315 |   2 |  886.0 |
               +--------+--------+--------+--------+--------+-----+--------+

Top non-repeatable levels by time:
     D:1: 909 daAuts
     D:2: 863 daAuts
